 Dungeon Crawl Stone Soup version 0.19-a0-1210-g5c1aa26 (webtiles) character file.

73 Duffy the Shield-Bearer (level 4, 0/35 HPs)
             Began as a Formicid Fighter on Aug 22, 2016.
             Killed by divine providence
             ... invoked by an orc priest
              (13 damage)
             ... on level 3 of the Dungeon.
             The game lasted 00:00:46 (803 turns).

Duffy the Shield-Bearer (Formicid Fighter)           Turns: 803, Time: 00:00:46

Health: 0/35       AC:  6    Str: 21    XL:     4   Next: 51%
Magic:  4/4        EV:  8    Int:  7    God:
Gold:   27         SH: 10    Dex: 11    Spells: 0 memorised, 3 levels left

rFire  . . .     SeeInvis +     a - +0 war axe
rCold  . . .     Gourm    .     b - +0 scale mail
rNeg   . . .     Faith    .     c - +0 shield
rPois  .         Spirit   .     (helmet unavailable)
rElec  .         Dismiss  .     (no cloak)
rCorr  .         Reflect  .     (no gloves)
MR     .....     Harm     .     (no boots)
Stlth  ..........               (no amulet)
                                (no ring)
                                (no ring)

@: lethally poisoned (0 -> -2), drained
A: permanent stasis, dig shafts and tunnels, four strong arms, antennae 3
a: Dig, Shaft Self


You were on level 3 of the Dungeon.
You were not hungry.

You visited 1 branch of the dungeon, and saw 3 of its levels.

You collected 27 gold pieces.

Inventory:

Hand Weapons
 a - a +0 war axe (weapon)
Armour
 b - a +0 scale mail (worn)
 c - a +0 shield (worn)
Scrolls
 e - a scroll of blinking {unknown}
Potions
 d - a potion of might
 g - a potion of curing {unknown}
Comestibles
 f - a bread ration
 h - a royal jelly
 i - a fruit


   Skills:
 - Level 3.2(3.0) Fighting
 + Level 3.5(3.2) Axes
 - Level 3.2(3.0) Armour
 + Level 4.8(4.6) Shields


You had 3 spell levels left.
You didn't know any spells.

Dungeon Overview and Level Annotations

Branches:
Dungeon (3/15)

Altars:
Makhleb
Ru
Vehumet


Innate Abilities, Weirdness & Mutations

You are under a permanent stasis effect.
You can dig through walls and to a lower floor.
Your four strong arms can wield two-handed weapons with a shield.
You have a pair of large antennae on your head. (SInv)


Message History

You hit the worker ant but do no damage.
The worker ant is severely wounded.
You feel sick. You block the worker ant's attack. The worker ant bites you.
You slash the worker ant!
You kill the worker ant!
You feel sick. The orc hits you but does no damage.
You feel drained.
Your shield and scale mail prevent you from hitting the orc.
The orc barely misses you.
You barely miss the orc.
You feel sick. You block the orc's attack.
You hit the orc.
The orc is severely wounded.
You block the orc's attack.
You hit the orc but do no damage.
The orc is severely wounded.
You feel sick. The orc barely misses you.
You slash the orc!
You kill the orc!
The orc priest mumbles some strange prayers to Beogh against you.
Beogh smites you!
You die...

... #o# ..# #.#
#.#### # #{##o##
#...###.#.#@#
.._......####
#...#..#.## #
#..#..# #
....#..# ..#
..:..#..#....#
$..#####<......#
##? #........ #
##......#


You could see an orc priest.

Vanquished Creatures
  Jessica (D:2)
  A worker ant (D:3)
  An adder (D:2)
  2 orcs (D:3)
  A bat (D:2)
  2 giant cockroaches (D:1)
  2 goblins (D:1)
  2 hobgoblins
  A giant newt (D:2)
  A rat (D:2)
14 creatures vanquished.

Notes
Turn   | Place    | Note
-------+----------+-------------------------------------------
     0 | D:1      | Duffy the Formicid Fighter began the quest for the Orb.
     0 | D:1      | Reached XP level 1. HP: 18/18 MP: 1/1
   171 | D:1      | Reached XP level 2. HP: 24/24 MP: 2/2
   190 | D:2      | Found a sacrificial altar of Ru.
   195 | D:2      | Reached skill level 4 in Shields
   224 | D:2      | Found a burning altar of Makhleb.
   224 | D:2      | Noticed an Executioner
   227 | D:2      | Noticed a ynoxinul
   227 | D:2      | Noticed a hellwing
   496 | D:2      | Noticed Jessica
   510 | D:2      | Killed Jessica
   510 | D:2      | Reached XP level 3. HP: 4/29 MP: 3/3
   784 | D:3      | Found a radiant altar of Vehumet.
   793 | D:3      | Reached XP level 4. HP: 24/35 MP: 4/4
   803 | D:3      | Killed from afar by an orc priest

Vault maps used:
D:1:      shiori_arrival_elements, kennysheep_boxes
D:2:      mumra_celtic_spiral_tile, bloody_trog, makhleb_altar_promises_db,
          overflow_temple_1_default, amethyst_killhole, uniq_jessica
D:3:      lemuel_doored_altar, overflow_temple_1_default,
          nicolae_overflow_crystal_walls, portal_sewer_entry_d,
          minmay_misc_feat_nine_boxes, minmay_checkerbox,
          uniq_crazy_yiuf_cottage, uniq_sigmund, uniq_robin

Skill      XL: |  1  2 |
---------------+-------+-----
Shields        | 4 |  4.8
Axes           | 3 |  3.5
Fighting       | |  3.2
Armour         | |  3.2

Action                   |  1- 3 |  4- 6 || total
-------------------------+-------+-------++-------
Melee: War axe           |    47 |    10 ||    57
 Abil: Dig               |     1 |       ||     1
Armor: Scale mail        |    19 |     3 ||    22
Dodge: Dodged            |    21 |     2 ||    23
Block: Shield            |    30 |     6 ||    36
